 Dungeon Crawl Stone Soup version 0.17-a0-1508-ge7f3dc3 (webtiles) character file.

65 urechis the Sneak (level 4, -3/23 HPs)
             Began as a Vine Stalker Assassin on July 10, 2015.
             Was an Initiate of Dithmenos.
             Slain by a crocodile (12 damage)
             ... in a sewer.
             The game lasted 00:04:13 (1193 turns).

urechis the Sneak (Vine Stalker Assassin)           Turns: 1193, Time: 00:04:13

Health: -3/23      AC:  4    Str: 14    XL:     4   Next: 14%
Magic:  0/5        EV: 11    Int: 11    God:    Dithmenos [......]
Gold:   59         SH:  0    Dex: 16    Spells: 0 memorised, 3 levels left

rFire  . . .     SeeInvis .     a - +2 dagger
rCold  . . .     Clarity  .     c - +0 robe
rNeg   . . .     SustAt   .     (no shield)
rPois  .         Gourm    .     (no helmet)
rElec  .         Spirit   +     d - +0 cloak
rCorr  .         Warding  .     (no gloves)
rMut   .         Stasis   .     i - +0 pair of boots
MR     .....                    (no amulet)
Stlth  ++++......               (no ring)
                                p - ring of invisibility

@: not resistant to hostile enchantments, stealthy
A: fangs 2, regeneration 1, magic shield, antimagic bite, no device heal 3, rot
immunity
a: Renounce Religion, Evoke Invisibility


You were in a sewer.
You worshipped Dithmenos.
Dithmenos was noncommittal.
You were not hungry.

You visited 1 branch of the dungeon, and saw 3 of its levels.
You also visited: Sewer.

You collected 59 gold pieces.

Inventory:

Hand weapons
 a - a +2 dagger (weapon)
 b - a +0 blowgun
Missiles
 e - 36 poisoned needles
 f - 2 curare-tipped needles
 o - 7 javelins of penetration (quivered)
Armour
 c - a +0 robe (worn)
 d - a +0 cloak (worn)
 i - a +0 pair of boots (worn)
Jewellery
 p - a ring of invisibility (left hand)
Scrolls
 l - a scroll of fear {unknown}
 s - a scroll of identify {unknown}
 u - a scroll of teleportation {unknown}
 v - 2 scrolls of blinking {unknown}
 w - a scroll of random uselessness {unknown}
Potions
 j - a potion of agility {unknown}
 k - 2 potions of lignification {unknown}
 m - a potion of curing {unknown}
 n - 6 potions of heal wounds {unknown}
 q - a potion of haste {unknown}
Comestibles
 g - 3 bread rations
 h - 5 fruits
 r - a beef jerky
 t - a meat ration


   Skills:
 - Level 1.7 Fighting
 - Level 1.7 Short Blades
 - Level 1.7 Throwing
 - Level 0.7 Dodging
 + Level 7.0 Stealth


You had 3 spell levels left.
You didn't know any spells.

Dungeon Overview and Level Annotations

Branches:
Dungeon (3/15)

Altars:
Dithmenos


Innate Abilities, Weirdness & Mutations

You have extremely sharp teeth.
Your natural rate of healing is unusually fast.
When hurt, damage is shared between your health and your magic reserves.
Your bite disrupts and absorbs the magic of your enemies.
Potions and wands cannot restore your health.
You are immune to rotting.


Message History

Moving in this stuff is going to be slow.
Things that are here:
2 stones; a short sword You enter the shallow water.
Moving in this stuff is going to be slow.
You enter the shallow water.
Moving in this stuff is going to be slow.
A crocodile comes into view.
Found a scroll labeled HEOLAE VORUMP and 18 gold pieces.
Found a cyan potion.
Found a plate armour.
You hit the crocodile. You bite the crocodile. You drain its power.
The crocodile is moderately wounded.
You hit the crocodile. Your bite misses the crocodile.
The crocodile is moderately wounded.
The crocodile bites you!
Ouch! That really hurt!
The crocodile bites you!
Ouch! That really hurt!
You die...

#..###..##
#.≈≈ #...#
#..# ##≈.#
#.. #..# #
#..# #.
##..# #.≈
#≈..# #..
##..##
#...#..@#
#.≈..t##
#...≈≈#
##...##
#.≈.#
[.#≈#.
#$?#. ! ##
## #


You could see a crocodile.

Vanquished Creatures
  2 adders (D:2)
  A worm (D:2)
  2 giant geckos
  An orc (D:3)
  5 goblins
  4 hobgoblins (D:1)
  6 kobolds
  3 bats
  9 giant cockroaches
  A giant newt (D:3)
  5 jackals
  3 rats (D:1)
42 creatures vanquished.

Notes
Turn   | Place    | Note
--------------------------------------------------------------
     0 | D:1      | urechis the Vine Stalker Assassin began the quest for the Orb.
     0 | D:1      | Reached XP level 1. HP: 11/11 MP: 2/2
    47 | D:1      | Reached skill level 5 in Stealth
   140 | D:1      | Reached XP level 2. HP: 15/15 MP: 3/3
   440 | D:1      | Reached skill level 6 in Stealth
   468 | D:1      | Reached XP level 3. HP: 18/18 MP: 4/4
   709 | D:2      | Found a faded altar to an unknown god.
   820 | D:2      | You fall through a shaft!
   947 | D:3      | Found a shadowy altar of Dithmenos.
  1003 | D:3      | Became a worshipper of Dithmenos the Shadowed
  1088 | D:3      | Found a glowing drain.
  1097 | D:3      | Reached XP level 4. HP: 21/23 MP: 5/5
  1118 | Sewer    | Entered a sewer
  1134 | Sewer    | Reached skill level 7 in Stealth
  1186 | Sewer    | Noticed a crocodile
  1193 | Sewer    | Slain by a crocodile

Vault maps used:
D:1:      roderic_chinese_lattice_arrival, minmay_crystal_room,
          kennysheep_decorative_pillar
D:2:      ecumenical_altar_1, kennysheep_nub
D:3:      lemuel_doored_altar, grunt_dithmenos_smoke_and_mirrors, first_bread,
          portal_sewer_entry_f
Sewer:    sewer_the_crocodile

Action                   |  1- 3 |  4- 6 || total
-------------------------+-------+-------++-------
Melee: Dagger            |    88 |    20 ||   108
 Stab: Sleeping          |    14 |       ||    14
       Distracted        |     1 |       ||     1
  Eat: Chunk             |       |     1 ||     1
